 Dungeon Crawl Stone Soup version 0.28-a0-1344-g6b9ff3a05d (webtiles) character file.

Game seed: 12892250647282090957

5 Deminshera the Conjurer (level 1, -1/14 HPs)
             Began as a Draconian Conjurer on Dec 29, 2021.
             Slain by a jackal (2 damage)
             ... on level 1 of the Dungeon.
             The game lasted 00:01:40 (244 turns).

Deminshera the Conjurer (Draconian Conjurer)         Turns: 244, Time: 00:01:41

Health: -1/14      AC:  4    Str:  9    XL:     1   Next: 66%
Magic:  1/3        EV: 12    Int: 18    God:
Gold:   0          SH:  0    Dex:  9    Spells: 3/4 levels left

rFire   . . .      SeeInvis .   (no weapon)
rCold   . . .      Faith    .   (no shield)
rNeg    . . .      Spirit   .   (armour unavailable)
rPois   .          Reflect  .   (helmet restricted)
rElec   .          Harm     .   (no cloak)
rCorr   .          Rampage  .   (no gloves)
Will    .....                   (no boots)
Stlth   ++........              (no amulet)
HPRegen 0.04/turn               (no ring)
MPRegen 0.08/turn               (no ring)

@: no status effects
A: AC +4, unfitting armour, cold-blooded
a: no special abilities


You were on level 1 of the Dungeon.
You visited 1 branch of the dungeon, and saw 1 of its levels.

Inventory:

Scrolls
 b - a scroll of magic mapping {unknown}
 c - a scroll of teleportation {unknown}
Potions
 a - a potion of invisibility {unknown}


   Skills:
 - Level 1.9 Dodging
 - Level 2.0 Stealth
 * Level 2.1 Spellcasting
 + Level 4.0 Conjurations


You had 3 spell levels left.
You knew the following spells:

 Your Spells              Type           Power      Damage    Failure   Level
a - Magic Dart            Conj           64%        1d6       3%          1

Your spell library contained the following spells:

 Spells                   Type           Power      Damage    Failure   Level
 Searing Ray              Conj           32%        2d5       4%          2
 Dazzling Flash           Conj/Hex       18%        N/A       24%         3
 Fulminant Prism          Conj/Hex       4%         3d6       61%         4
 Iskenderun's Mystic Bla  Conj/Tloc      9%         2d4       61%         4


Dungeon Overview and Level Annotations

Branches:
Dungeon (1/15)

Altars:


Innate Abilities, Weirdness & Mutations

Your plain brown scales are hard. (AC +4)
You cannot fit into any form of body armour.
You are cold-blooded and may be slowed by cold attacks.


Message History

The magic dart hits the jackal.
The jackal is moderately wounded.
The jackal completely misses you.
The jackal bites you but does no damage.
Casting: Magic Dart (safe; 3% risk of failure)
Confirm with . or Enter, or press ? or * to list all spells.
Aiming: Magic Dart (safe; 3% risk of failure)
Press: ? - help, Shift-Dir - straight line, f/p - jackal
Aim: a jackal (moderately wounded, 100% to hit)
The magic dart hits the jackal.
The jackal is severely wounded.
The jackal closely misses you.
The jackal bites you but does no damage. x3
You hit the jackal but do no damage.
The jackal is severely wounded.
The jackal barely misses you. The jackal bites you. The jackal misses you.
The jackal closely misses you. The jackal barely misses you.
The jackal bites you but does no damage.
The jackal bites you but does no damage.
The jackal closely misses you. The jackal barely misses you.
The jackal bites you but does no damage.
The jackal bites you.
* * * LOW HITPOINT WARNING * * *
The jackal barely misses you. The jackal misses you.
The jackal closely misses you.
Casting: Magic Dart (safe; 3% risk of failure)
Confirm with . or Enter, or press ? or * to list all spells.
Aiming: Magic Dart (safe; 3% risk of failure)
Press: ? - help, Shift-Dir - straight line, f/p - jackal
Aim: a jackal (100% to hit)
The magic dart hits the jackal.
The jackal is heavily wounded.
The jackal bites you.
* * * LOW HITPOINT WARNING * * *
The jackal bites you.
You die...

#h#
#.....####§......
#.###...###
###.....
#.##...## ##....
#.....## ##...
#.##..# #...
#.##h## ##..
#h##h# #.. #.##h#
#.. #.##@## ##..
#.....# #...
####..## ##...
##..## ##....
#...### ###.....
##....####§§.....
##........§§...#
###.....§§§§###
#####8#####


You could see 3 jackals.

Vanquished Creatures
  An endoplasm (D:1)
  A jackal (D:1)
  A ball python (D:1)
  2 bats (D:1)
5 creatures vanquished.

Notes
Turn   | Place    | Note
-------+----------+-------------------------------------------
     0 | D:1      | Deminshera the Draconian Conjurer began the quest for the
                  | Orb.
     0 | D:1      | Reached XP level 1. HP: 14/14 MP: 3/3
   244 | D:1      | Slain by a jackal

Illustrated notes

Levels and vault maps discovered:
D:1:      heliophobic_arrival_dark_side_of_the_moon, layout_basic, minivault_4,
          minmay_tall_x

Skill      XL: |  1 |
---------------+----+-----
Stealth        | 2 |  2.0
Dodging        | |  1.9
Spellcasting   | |  2.1
Conjurations   | |  4.0

Action                   || total
-------------------------++-------
Melee: Unarmed           ||     1
 Cast: Magic Dart        ||    15
Armor: Skin              ||    13
Dodge: Dodged            ||    29

Table legend: (Time is in decaauts)
 A = Elapsed time spent in this place.
 B = Non-inter-level travel time spent in this place.
 C = Inter-level travel time spent in this place.
 D = Time resting spent in this place.
 E = Time spent auto-exploring this place.
 F = Levels seen in this place.
 G = Mean time per level.
                   A        B        C        D        E       F      G
               +--------+--------+--------+--------+--------+-----+--------+
         Total |    244 |    244 |      0 |     11 |    118 |   1 |  244.0 |
       Dungeon |    244 |    244 |      0 |     11 |    118 |   1 |  244.0 |
               +--------+--------+--------+--------+--------+-----+--------+

Top non-repeatable levels by time:
     D:1: 244 daAuts
